 Dungeon Crawl Stone Soup version 0.13.0-19-g8e0b589 (webtiles) character file.

65 4tharraofdagon the Cudgeler (level 3, 0/39 HPs)
             Began as an Ogre Berserker on Oct 25, 2013.
             Was a Believer of Trog.
             Slain by an ogre skeleton (11 damage)
             ... on Level 4 of the Dungeon.
             The game lasted 00:01:36 (298 turns).

4tharraofdagon the Cudgeler (Ogre Berserker)         Turns: 298, Time: 00:01:36

HP   0/39        AC  3     Str 23      XL: 3   Next: 22%
MP   2/2         EV 10     Int  6      God: Trog [**....]
Gold 34          SH  0     Dex  9      Spells:  0 memorised,  2 levels left

Res.Fire  : + . .   See Invis. : .   f - +0 flail
Res.Cold  : . . .   Warding    : .   b - +0 animal skin
Life Prot.: . . .   Conserve   : .   (shield restricted)
Res.Poison: .       Res.Corr.  : .   (helmet restricted)
Res.Elec. : .       Clarity    : .   (no cloak)
Sust.Abil.: . .     Spirit.Shd : .   (gloves unavailable)
Res.Mut.  : .       Stasis     : .   (boots unavailable)
Res.Rott. : .       Flight     : .   (no amulet)
Saprovore : + . .                    (no ring)
                                     e - ring of protection from fire {unknown}

@: invisible, mildly poisoned, very slightly contaminated, slightly resistant to
hostile enchantments, very unstealthy
A: unfitting armour, fast metabolism 1, saprovore 1, tough skin 1
a: Burn Spellbooks, Berserk, Trog's Hand, Renounce Religion


You were on level 4 of the Dungeon.
You worshipped Trog.
Trog was pleased with you.
You were not hungry.

You visited 1 branch of the dungeon, and saw 4 of its levels.

You collected 14 gold pieces.

Inventory:

Hand weapons
 a - a +0,+0 mace
 f - a +0,+0 flail (weapon)
Armour
 b - a +0 animal skin (worn)
Magical devices
 i - a wand of teleportation (2)
Comestibles
 c - 2 meat rations
 h - a chunk of adder flesh
Scrolls
 d - 2 scrolls of identify {unknown}
 g - a scroll of fog {unknown}
 k - a scroll of fear {unknown}
Jewellery
 e - a ring of protection from fire (left hand) {unknown}


   Skills:
 - Level 4.0 Fighting
 * Level 5.6 Maces & Flails
 - Level 2.9 Dodging


You had 2 spell levels left.
You didn't know any spells.

Dungeon Overview and Level Annotations

Branches:
Dungeon (4/27)
 Temple: D:4-7

Altars:
Elyvilon


Innate Abilities, Weirdness & Mutations

You are too large for most types of armour.
You have a fast metabolism.
You can tolerate rotten meat.
You have tough skin (AC +1).


Message History

a club; 3 darts; a kobold corpse The helpless hobgoblin fails to defend itself.
You hit the hobgoblin.
The hobgoblin is severely wounded.
The hobgoblin hits you with an orcish club.
* * * LOW HITPOINT WARNING * * *
You hit the hobgoblin.
You kill the hobgoblin!
Trog accepts your kill.
You offer a prayer to Trog.
You can now regenerate and be protected from hostile enchantments.
The kobold corpse is consumed in a column of flame.
Trog is pleased with you.
The helpless ogre skeleton fails to defend itself.
You sock the ogre skeleton!
A giant cockroach comes into view.
* * * LOW HITPOINT WARNING * * *
You feel sick. The ogre skeleton closely misses you.
You barely miss the ogre skeleton. The ogre skeleton hits you!
You die...

## ..
####.##########
.........Z(.....s
#@.# ##.##
##...## ##♣..)♣##
#...)...#
#.<.♣.<.#
#.......#
##♣.>.♣## ##...##


You could see a giant cockroach (sleeping) and an ogre skeleton.

Vanquished Creatures
  An adder (D:2)
  A giant mite (D:3)
  3 goblins
  3 hobgoblins
  4 kobolds
  A giant newt (D:3)
  A rat (D:2)
14 creatures vanquished.

Notes
Turn   | Place    | Note
--------------------------------------------------------------
     0 | D:1      | 4tharraofdagon, the Ogre Berserker, began the quest for the Orb.
     0 | D:1      | Reached XP level 1. HP: 23/23 MP: 0/0
   116 | D:2      | Reached XP level 2. HP: 16/32 MP: 1/1
   152 | D:2      | Reached skill level 5 in Maces & Flails
   158 | D:2      | archaeo: so maybe
   171 | D:2      | archaeo: we're not in a mummy mood today
   171 | D:2      | archaeo: maybe
   178 | D:2      | archaeo: it's time to smash things
   258 | D:3      | Found a white marble altar of Elyvilon.
   273 | D:3      | Reached XP level 3. HP: 19/39 MP: 2/2
   292 | D:4      | Acquired Trog's second power
   298 | D:4      | Slain by an ogre skeleton

Action                   || total
-------------------------++-------
Melee: Mace              ||     8
       Flail             ||    32
Invok: Berserk           ||     1
Evoke: Wand              ||     2
  Use: Potion            ||     2
 Stab: Sleeping          ||     3
